 Dungeon Crawl Stone Soup version 0.29.1-1-gd02db6906a (webtiles) character file.

Game seed: 6588687070387323834

16174 avis the Carver (level 11, -7/94 HPs)
             Began as a Demigod Ice Elementalist on Oct 18, 2022.
             Mangled by a swamp worm (18 damage)
             ... on level 2 of the Lair of Beasts.
             The game lasted 01:58:25 (18353 turns).

avis the Carver (Demigod Ice Elementalist)         Turns: 18353, Time: 01:58:25

Health: -7/94      AC: 18    Str:  9    XL:     11   Next: 77%
Magic:  6/19       EV: 13    Int: 17    God:
Gold:   889        SH:  0    Dex: 26    Spells: 9/16 levels left

rFire   . . .      SeeInvis .   a - +3 long sword
rCold   . . .      Faith    .   (no shield)
rNeg    . . .      Spirit   .   H - +1 swamp dragon scales
rPois   +          Reflect  .   n - +0 helmet
rElec   .          Harm     .   D - +2 cloak
rCorr   +          Rampage  .   (no gloves)
Will    +....                   e - +0 pair of boots
Stlth   ++........              (no amulet)
HPRegen 0.25/turn               C - ring of resist corrosion
MPRegen 0.16/turn               (no ring)

@: ice-armoured
A: high MP 1, forlorn, divine attributes
a: no special abilities


You were on level 2 of the Lair of Beasts.
You visited 3 branches of the dungeon, and saw 13 of its levels.

You collected 889 gold pieces.

Inventory:

Hand Weapons
 a - a +3 long sword (weapon)
 b - a +0 shortbow
 w - a +1 great sword
Missiles
 s - a throwing net
Armour
 c - a +0 kite shield
 e - a +0 pair of boots (worn)
 n - a +0 helmet (worn)
 r - a +0 buckler
 D - a +2 cloak (worn)
 H - +1 swamp dragon scales (worn)
Jewellery
 p - a ring of fire
 C - a ring of resist corrosion (left hand)
Wands
 x - a wand of polymorph (8)
 E - a wand of roots (7)
 L - a wand of mindburst (9)
 S - a wand of paralysis (6)
Scrolls
 f - 7 scrolls of teleportation
 h - 2 scrolls of torment {unknown}
 i - 4 scrolls of blinking {unknown}
 j - a scroll of enchant armour {unknown}
 o - 5 scrolls of butterflies {unknown}
 t - a scroll of magic mapping {unknown}
 v - 2 scrolls of summoning {unknown}
 z - 6 scrolls of fear {unknown}
 F - a scroll of poison {unknown}
 I - a scroll of amnesia {unknown}
 J - 3 scrolls of silence {unknown}
 N - 5 scrolls of enchant weapon {unknown}
Potions
 d - 2 potions of lignification
 g - 2 potions of resistance
 k - 3 potions of brilliance
 l - a potion of mutation {unknown}
 m - 2 potions of curing
 q - 5 potions of might
 u - a potion of ambrosia
 A - a potion of haste {unknown}
 B - a potion of berserk rage {unknown}
 G - 2 potions of magic
 Q - a potion of heal wounds
Miscellaneous
 y - a lightning rod (4/4)
 O - a phial of floods


   Skills:
 - Level 8.0 Fighting
 - Level 10.0 Long Blades
 - Level 10.0 Ranged Weapons
 * Level 3.2 Armour
 - Level 4.0 Dodging
 - Level 3.0 Stealth
 - Level 3.0 Spellcasting
 - Level 7.0 Ice Magic


You had 9 spell levels left.
You knew the following spells:

 Your Spells              Type           Power      Damage    Failure   Level
a - Freeze                Ice            100%       1d11      2%          1
f - Frozen Ramparts       Ice            52%        1d8       8%          3
o - Ozocubu's Armour      Ice            26%        N/A       8%          3

Your spell library contained the following spells:

 Spells                   Type           Power      Damage    Failure   Level
 Beastly Appendage        Tmut           4%         N/A       41%         1
 Magic Dart               Conj           8%         1d3       41%         1
 Summon Small Mammal      Summ           8%         N/A       41%         1
 Searing Ray              Conj           4%         2d4       56%         2
 Wereblood                Tmut           2%         N/A       56%         2
 Hailstorm                Conj/Ice       14%        3d5       71%         4
 Ice Form                 Ice/Tmut       14%        N/A       71%         4
 Summon Ice Beast         Ice/Summ       14%        N/A       71%         4
 Call Canine Familiar     Summ           2%         N/A       80%         3
 Conjure Flame            Conj/Fire      2%         6-21      80%         3
 Ignite Poison            Fire/Tmut/Pois 2%         N/A       80%         3
 Spider Form              Tmut/Pois      2%         N/A       80%         3
 Summon Guardian Golem    Hex/Summ       2%         N/A       80%         3
 Animate Dead             Necr           2%         N/A       99%         4
 Fulminant Prism          Conj/Hex       1%         3d6       99%         4
 Sticky Flame             Conj/Fire      2%         2d3       99%         4
 Borgnjor's Vile Clutch   Necr/Erth      1%         N/A       100%        5
 Death Channel            Necr           1%         N/A       100%        6


Dungeon Overview and Level Annotations

Branches:
Dungeon (10/15)            Temple (1/1) D:6            Lair (2/5) D:10
  Swamp: Lair:2-3    Shoals: Lair:2-3     Snake: Lair:2-3    Spider: Lair:2-3
    Orc: D:9-12

Annotations:
D:5 1 runed translucent door, exclusion: door
D:9 3 runed translucent doors, Godmorgon's ghost, journeyman DjIE


Innate Abilities, Weirdness & Mutations

You have an increased reservoir of magic. (+10% MP)
You shall have no god before yourself.
Your divine heritage dramatically boosts your attributes as you level up.


Message History

You kill the five-headed hydra!
Training target 4.0 for Dodging reached!
Your Dodging skill increases to level 4!
You need to enable at least one skill for training.
a - a +3 long sword (weapon)
b - a +0 shortbow (weapon)
You start resting.
The frozen ramparts melt away.
You start resting.
Your icy armour starts to melt.
You start resting.
Your icy armour evaporates.
You start resting.
A swamp worm comes into view.
Casting: Frozen Ramparts (dangerous; 8% risk of failure)
Confirm with . or Enter, or press ? or * to list all spells.
A film of ice covers your body!
Casting: Ozocubu's Armour (dangerous; 8% risk of failure)
Confirm with . or Enter, or press ? or * to list all spells.
Casting: Frozen Ramparts (dangerous; 8% risk of failure)
Press: ? - help, Dir - look around, f - activate The walls around you are covered in ice.
The swamp worm fires a harpoon shot at you.
The harpoon shot hits you!!
* * * LOW HITPOINT WARNING * * *
Your icy armour cracks and falls away as you move.
The frozen ramparts melt away as you move.
You are yanked forward by the harpoon shot.
Casting: Frozen Ramparts (dangerous; 8% risk of failure)
Confirm with . or Enter, or press ? or * to list all spells.
A film of ice covers your body! The swamp worm barely misses you.
The swamp worm closely misses you.
a - a +3 long sword (weapon)
You hit the swamp worm.
The swamp worm is lightly wounded.
The swamp worm barely misses you.
You hit the swamp worm.
The swamp worm is lightly wounded.
The swamp worm bites you!!
You die...

♣....♣♣...≈~≈≈♣♣
♣.....♣♣~≈~~~≈≈♣♣.........
♣....♣♣≈~~~~≈≈≈♣..........
♣...♣♣...~~~~≈≈♣..........
♣♣....♣♣..♣♣♣♣♣♣♣.....>....
♣♣..........................
♣...........................
♣..........w#.....#......#.#
♣..........@.#...#.[.....##.
###................##.....#†÷
#8#♣#8#................##.....†.÷
.......♣.........#.....##.....###
.................#†.#####.....###
..................#...##.........
.................................
.......♣.................)......<
#8#.#8#♣.........................


You could see a swamp worm.

Vanquished Creatures
  2 hydras (Lair:2)
  2 two-headed ogres
  A wizard (D:9)
  Pikel (D:7)
  An ugly thing (D:9)
  2 black mambas (Lair:1)
  Maggie (Lair:1)
  6 cane toads
  An unseen horror (D:10)
  2 rime drakes
  2 komodo dragons
  Prince Ribbit (D:8)
  A wyvern (D:7)
  2 wraiths
  9 yaks
  A basilisk (Lair:1)
  A steam dragon (Lair:1)
  2 swamp worms (Lair:2)
  2 acid dragons (D:9)
  3 water moccasins
  2 ice beasts (D:7)
  2 sky beasts (D:7)
  2 black bears
  2 centaurs (D:7)
  An ogre (D:4)
  16 wolves
  A lemure (D:7)
  5 kobold brigands
  2 phantoms (D:7)
  2 bullfrogs
  A necrophage (D:5)
  A gnoll sergeant (D:7)
  A scorpion (D:7)
  10 wights
  17 killer bees
  5 howler monkeys
  8 electric eels (D:10)
  A crimson imp (D:9)
  4 hounds
  6 jellies
  5 orc priests
  2 gnoll boudas
  An iguana (D:6)
  4 orc wizards
  12 gnolls
  7 adders
  2 shadow imps
  A white imp (D:7)
  An ufetubus (D:7)
  4 worms
  3 dart slugs
  15 orcs
  5 ball pythons
  5 bats
  8 endoplasms
  3 giant cockroaches
  7 hobgoblins
  3 jackals (D:2)
  32 kobolds
  2 quokkas
  4 frilled lizards
  7 goblins
  5 rats
270 creatures vanquished.

Vanquished Creatures (others)
  5 fungi
  13 plants
18 creatures vanquished.

Grand Total: 288 creatures vanquished

Notes
Turn   | Place    | Note
-------+----------+-------------------------------------------
     0 | D:1      | avis the Demigod Ice Elementalist began the quest for the
                  | Orb.
     0 | D:1      | Reached XP level 1. HP: 14/14 MP: 5/5
   353 | D:1      | Reached XP level 2. HP: 14/20 MP: 0/7
  1004 | D:1      | Reached skill level 1 in Fighting
  1273 | D:2      | Identified the +3 leather armour "Jutzury" {Str+2}
  1314 | D:2      | Reached XP level 3. HP: 25/28 MP: 3/8
  1433 | D:2      | Learned a level 3 spell: Ozocubu's Armour
  2365 | D:2      | Reached XP level 4. HP: 29/35 MP: 4/9
  2440 | D:3      | Reached skill level 5 in Ice Magic
  2483 | D:3      | Learned a level 3 spell: Frozen Ramparts
  3243 | D:4      | Noticed an ogre
  3516 | D:4      | Reached XP level 5. HP: 40/40 MP: 4/12
  3704 | D:4      | Noticed a black bear
  3720 | D:4      | Killed a black bear
  4103 | D:5      | Entered Level 5 of the Dungeon
  4341 | D:5      | Reached XP level 6. HP: 36/48 MP: 8/13
  5314 | D:5      | Reached XP level 7. HP: 54/56 MP: 10/14
  5650 | D:5      | Found a runed translucent door.
  6113 | D:6      | Reached skill level 1 in Armour
  6266 | D:6      | Found a staircase to the Ecumenical Temple.
  6299 | Temple   | Entered the Ecumenical Temple
  6452 | D:6      | Reached skill level 1 in Long Blades
  7820 | D:7      | Noticed Pikel
  7833 | D:7      | Reached XP level 8. HP: 64/66 MP: 9/15
  7889 | D:7      | Killed Pikel
  7890 | D:7      | Reached skill level 5 in Fighting
  7890 | D:7      | Reached skill level 5 in Long Blades
  8740 | D:7      | Reached skill level 1 in Ranged Weapons
  8754 | D:7      | Reached XP level 9. HP: 24/75 MP: 8/16
  9368 | D:7      | Reached skill level 5 in Ranged Weapons
  9653 | D:8      | Noticed Prince Ribbit
  9666 | D:8      | Killed Prince Ribbit
 10397 | D:8      | Noticed a two-headed ogre
 10409 | D:8      | Killed a two-headed ogre
 10410 | D:8      | Reached XP level 10. HP: 71/83 MP: 11/17
 11013 | D:9      | Found a runed translucent gate.
 11013 | D:9      | Found a runed translucent gate.
 11013 | D:9      | Found a runed translucent gate.
 11013 | D:9      | Noticed Godmorgon's ghost (journeyman DjIE)
 11219 | D:9      | Noticed a green ugly thing
 11238 | D:9      | Killed a green ugly thing
 11687 | D:9      | Noticed a two-headed ogre
 11698 | D:9      | Killed a two-headed ogre
 11850 | D:9      | Noticed a wizard
 11874 | D:9      | Killed a wizard
 12312 | D:10     | Entered Level 10 of the Dungeon
 12667 | D:10     | Found a staircase to the Lair.
 13994 | D:10     | HP: 3/86 [something (8)]
 14830 | Lair:1   | Entered Level 1 of the Lair of Beasts
 14830 | Lair:1   | Noticed a black mamba
 14830 | Lair:1   | Noticed a black mamba
 14842 | Lair:1   | Killed a black mamba
 14844 | Lair:1   | Killed a black mamba
 14845 | Lair:1   | Reached XP level 11. HP: 22/92 MP: 10/19
 15620 | Lair:1   | Reached skill level 10 in Long Blades
 16159 | Lair:1   | Noticed Maggie
 16189 | Lair:1   | Killed Maggie
 17448 | Lair:2   | Reached skill level 10 in Ranged Weapons
 18289 | Lair:2   | Noticed a five-headed hydra
 18290 | Lair:2   | Noticed a five-headed hydra
 18311 | Lair:2   | Killed a five-headed hydra
 18322 | Lair:2   | Killed a five-headed hydra
 18353 | Lair:2   | Mangled by a swamp worm

Illustrated notes

Levels and vault maps discovered:
D:1:      lightli_arrival_maybe_door_vault, layout_basic, nicolae_wormholes
D:2:      layout_rooms, serial_aquarium, aquarium_bridge_square
          [aquarium_subvault_window, aquarium_subvault_bridge,
          aquarium_subvault_wall, aquarium_subvault_balcony], aquarium_window_2,
          aquarium_window_corridor_2, aquarium_view_2a, basic_altar,
          minmay_tetromino_i4
D:3:      layout_basic, hellmonk_ecumenical_altar_arch_garden,
          minmay_misc_feat_four_crosses
D:4:      layout_basic, mainiacjoe_overflow_catch_the_wave
D:5:      layout_cave_pools, kennysheep_nondescript, uniq_crazy_yiuf_cottage
D:6:      layout_gridville, overflow_temple_1_default, minmay_temple_entry_mist
D:7:      kennysheep_windowed_halls, layout_rooms, mainiacjoe_overflow_24_doors,
          uniq_pikel
D:8:      layout_basic, kennysheep_ying_yang, old_standard_altar,
          amcnicky_altar_gilded, uniq_prince_ribbit1
D:9:      layout_loops_ring, bloody_makhleb, biasface_ghost_orc_armoury,
          dreamdust_wishing_well, lightli_wizard_tower
D:10:     layout_basic, david_lair_shrubbed
Temple:   oiseaux_autumnal_temple
Lair:1:   layout_loops_ring, evilmike_ambush [evilmike_ambush_outer_pillars,
          evilmike_ambush_inner_wall_1], uniq_maggie
Lair:2:   wad_woods_structure_01, layout_regular_city, palyth_hydra_swamp_entry

Skill      XL: |  1  2  3  4  5  6  7  8  9 10 11 |
---------------+----------------------------------+-----
Ice Magic      | 4 5 7 |  7.0
Spellcasting   | 2 3 |  3.0
Fighting       | 1 2 4 6 7 8 |  8.0
Dodging        | 2 3 4 |  4.0
Stealth        | 2 3 |  3.0
Armour         | 2 3 |  3.2
Long Blades    | 3 6 7 9 10 | 10.0
Ranged Weapons | 1 6 8 10 | 10.0

Action                   |  1- 3 |  4- 6 |  7- 9 | 10-12 || total
-------------------------+-------+-------+-------+-------++-------
Melee: Dagger            |     2 |    14 |       |       ||    16
       Short sword       |    12 |    77 |   182 |       ||   271
       Punch             |       |     2 |     3 |     5 ||    10
       Whip              |       |       |     4 |       ||     4
       Falchion          |       |       |     3 |       ||     3
       Scimitar          |       |       |    22 |       ||    22
       Long sword        |       |       |    19 |   225 ||   244
 Fire: Shortbow          |       |       |    37 |   180 ||   217
Throw: Dart              |       |    14 |     3 |       ||    17
 Cast: Freeze            |    71 |    48 |    48 |     3 ||   170
       Ozocubu's Armour  |     3 |    16 |    44 |    49 ||   112
       Frozen Ramparts   |       |       |    32 |    51 ||    83
  Use: Scroll            |       |       |     6 |     3 ||     9
       Potion            |       |       |     2 |     8 ||    10
 Stab: Sleeping          |     3 |     2 |     1 |       ||     6
Armor: Leather armour    |    17 |    51 |   152 |    13 ||   233
       Skin              |       |       |     6 |       ||     6
       Acid dragon scale |       |       |       |    93 ||    93
       Swamp dragon scal |       |       |       |    84 ||    84
Dodge: Dodged            |    37 |    83 |   182 |   200 ||   502
